[Event "*** Titled Tuesday Blitz"]
[Site "Chess.com"]
[Date "2021.03.16"]
[Round "10"]
[White "rpragchess"]
[Black "Jumbo"]
[Result "1-0"]
[WhiteElo "2911"]
[BlackElo "2824"]
[TimeControl "180+1"]
[EndTime "11:52:24 PDT"]
[Termination "rpragchess won by resignation"]

1. c4 e5 2. Nc3 Nf6 3. g3 d5 4.
cxd5 Nxd5 5. Bg2 Nb6 6. e3 Nc6 7. Nge2 h5 8. h3 Bf5 9. d4 exd4 10.
exd4 Qd7 11. Be3 Nb4 12. Kf1 c6 13. Nf4 Bd6 14. Nxh5 O-O-O 15. g4 Bd3+ 16. Kg1 g6 17. Nf4 Bxf4 18. Bxf4 Qxd4 19. Qf3 N6d5 20. Bg3 Nxc3 21. bxc3 Qxc3 22. Kh2 Qd4 23. Rae1 Rd7 24. Be5 1-0

[Event "*** Titled Tuesday Blitz"]
[Site "Chess.com"]
[Date "2021.03.16"]
[Round "10"]
[White "JordanLoyd2020"]
[Black "rachidhuilda"]
[Result "1-0"]
[WhiteElo "2485"]
[BlackElo "2282"]
[TimeControl "180+1"]
[EndTime "11:52:25 PDT"]
[Termination "JordanLoyd2020 won on time"]

1. d4 Nf6 2. c4 c5 3. d5 b5 4. Nd2 e6 5. dxe6 fxe6 6. e4 bxc4 7. e5 Nd5 8. Nxc4 Be7 9. Bd3 O-O 10.
Qh5 g6 11. Bxg6 hxg6 12. Qxg6+ Kh8 13. Qh5+ Kg8 14. Bh6 Nf4 15. Qg4+ Kf7 16. Bxf4 Rg8 17. Qh5+ Rg6 18. Nf3 Qg8 19. Nd6+ Bxd6 20. exd6 Nc6 21. Ng5+ 1-0

[Event "*** Titled Tuesday Blitz"]
[Site "Chess.com"]
[Date "2021.03.16"]
[Round "10"]
[White "AttackSparrow"]
[Black "Julianos82"]
[Result "1-0"]
[WhiteElo "2508"]
[BlackElo "2387"]
[TimeControl "180+1"]
[EndTime "11:52:42 PDT"]
[Termination "AttackSparrow won by resignation"]

1. e4 c5 2. c3 d6 3. d4 Nf6 4.
Bd3 Nc6 5. Nf3 Bg4 6. d5 Ne5 7. Nxe5 dxe5 8. Qxg4 Nxg4 9. Bb5+ Qd7 10. Bxd7+ Kxd7 11. f3 Nf6 12. Be3 e6 13. dxe6+ Kxe6 14. Nd2 Be7 15. O-O-O Rhd8 16. Nc4 b6 17. Kc2 Ne8 18. Bf2 f6 19. Ne3 Nc7 20. Rxd8 Rxd8 21.
Rd1 Rxd1 22. Kxd1 g6 23. g4 b5 24. Kc2 a6 25. b3 Kd6 26. a4 Kc6 27. Bg3 g5 28. h4 h6 29. h5 Bf8 30. Nf5 Ne6 31. Kb2 Kb6 32. Kc2 Kc6 33. Bf2 bxa4 34. bxa4 c4 35.
Be3 Nc5 36. Bxc5 Kxc5 37. Ne3 Be7 38. Nd5 Bd8 39. Kb2 a5 40. Kc2 Kd6 41. Ne3 1-0

[Event "*** Titled Tuesday Blitz"]
[Site "Chess.com"]
[Date "2021.03.16"]
[Round "10"]
[White "mjray79"]
[Black "ChrisTool2"]
[Result "1-0"]
[WhiteElo "2472"]
[BlackElo "2348"]
[TimeControl "180+1"]
[EndTime "11:52:42 PDT"]
[Termination "mjray79 won by resignation"]

1. d4 Nf6 2. c4 e6 3. g3 d5 4. Bg2 dxc4 5. Nf3 Nc6 6. O-O a6 7. e3 Rb8 8. Qe2 b5 9. b3 cxb3 10. axb3 Bb7 11. Bb2 Be7 12. Nc3 O-O 13. Rfd1 Nb4 14.
Na2 Nxa2 15. Rxa2 Qc8 16. Raa1 Ne4 17. Rac1 Bd5 18. Qc2 Bd6 19. Ne5 f5 20. Nc6 Rb6 21. Ne5 Bxe5 22. dxe5 c6 23. f3 Ng5 24. e4 fxe4 25.
fxe4 Qe8 26. exd5 cxd5 27. Rf1 Rxf1+ 28. Rxf1 Rb8 29. h4 Nf7 30. Rc1 h6 31. Qc7 b4 32.
Qc6 Qf8 33. Qxe6 Re8 34. Qxd5 Kh8 35. Rf1 Qe7 36. Qxf7 1-0

[Event "*** Titled Tuesday Blitz"]
[Site "Chess.com"]
[Date "2021.03.16"]
[Round "10"]
[White "IsaacWiebe"]
[Black "SilviusTiberius"]
[Result "0-1"]
[WhiteElo "2272"]
[BlackElo "2533"]
[TimeControl "180+1"]
[EndTime "11:52:45 PDT"]
[Termination "SilviusTiberius won by checkmate"]

1. d4 Nf6 2. c4 e6 3. Nf3 d5 4.
Nc3 Be7 5. Bg5 h6 6. Bh4 O-O 7. Rc1 dxc4 8. e4 Nxe4 9. Bxe7 Nxc3 10. Bxd8 Nxd1 11. Be7 Nxb2 12. Bxf8 Kxf8 13. Bxc4 Bd7 14. Bb3 Nd3+ 15. Kd2 Nxc1 16. Rxc1 Nc6 17. d5 exd5 18. Bxd5 Rd8 19. Ke1 Nb4 20. Bc4 Be6 21. Ke2 Nxa2 22.
Bxa2 Bxa2 23. Rxc7 Bd5 24. Ke3 Bxf3 25. Kxf3 Rd3+ 26.
Ke4 Rb3 27. Kd4 a5 28. Kc4 a4 29. f4 b5+ 30. Kd4 a3 31. Ra7 b4 32. Kc5 g6 33.
g4 Rb2 34. f5 gxf5 35. gxf5 Kg7 36. Kd6 a2 37. Ke7 Re2+ 38. Kd8 b3 39. Ra3 Re1 40. f6+ Kxf6 41. Rxb3 a1=Q 42. Rf3+ Ke6 43. h4 Qa5+ 44. Ke8 Qa8# 0-1

[Event "*** Titled Tuesday Blitz"]
[Site "Chess.com"]
[Date "2021.03.16"]
[Round "10"]
[White "djano"]
[Black "Speed-O-Sonic"]
[Result "1-0"]
[WhiteElo "2486"]
[BlackElo "2359"]
[TimeControl "180+1"]
[EndTime "11:52:45 PDT"]
[Termination "djano won by resignation"]

1. e4 c6 2. d4 d5 3. exd5 cxd5 4. Bd3 Nc6 5. c3 Qc7 6. Nf3 Bg4 7. Nbd2 e6 8. O-O Bd6 9. h3 Bh5 10. Re1 Nf6 11. Qc2 O-O 12. g4 Bg6 13. Bxg6 hxg6 14. Kg2 Rae8 15. Qd3 e5 16. dxe5 Nxe5 17. Nxe5 Rxe5 18.
Rxe5 Bxe5 19. Nf3 Bf4 20. Qd4 Bxc1 21. Rxc1 Rd8 22. Qxa7 Nxg4 23. hxg4 Qf4 24. Qe3 Qxg4+ 25. Kh1 d4 26. cxd4 Rd5 27. Rc5 Rd6 28. b4 g5 29.
Qe8+ Kh7 30. Nxg5+ 1-0

[Event "*** Titled Tuesday Blitz"]
[Site "Chess.com"]
[Date "2021.03.16"]
[Round "10"]
[White "TheCairnTerrier"]
[Black "HanSchut"]
[Result "0-1"]
[WhiteElo "2146"]
[BlackElo "2240"]
[TimeControl "180+1"]
[EndTime "11:52:47 PDT"]
[Termination "HanSchut won by resignation"]

1. e4 c5 2. Nf3 d6 3. Bb5+ Bd7 4. Bxd7+ Qxd7 5. c4 Nf6 6. O-O Nxe4 7. Re1 Nf6 8.
d4 cxd4 9. Nxd4 e6 10. Nf5 e5 11. Bg5 Qxf5 12. Bxf6 Qxf6 13. Qb3 Qe7 14. Nc3 Nc6 15. Nd5 Qd7 16. Qa4 Rc8 17. b4 Be7 18. b5 Nd4 19.
Qxa7 Nc2 20. Nb6 Qc7 21. Nxc8 Qxc8 22. b6 Nxe1 23. Qa4+ Qd7 24. Qa8+ Bd8 25. Rxe1 O-O 26. a4 Bxb6 0-1

[Event "*** Titled Tuesday Blitz"]
[Site "Chess.com"]
[Date "2021.03.16"]
[Round "10"]
[White "Kobalia"]
[Black "Artem_Sadovsky"]
[Result "1-0"]
[WhiteElo "2741"]
[BlackElo "2624"]
[TimeControl "180+1"]
[EndTime "11:52:54 PDT"]
[Termination "Kobalia won by checkmate"]

1. e4 c6 2. Nf3 d5 3. exd5 cxd5 4. Ne5 Nc6 5. d4 Qb6 6. c3 Bf5 7. Qf3 e6 8. Nxf7 Kxf7 9. g4 Nf6 10. gxf5 e5 11. Bg2 exd4 12. O-O Bd6 13. Bg5 Ne5 14. Qh3 Neg4 15. Bxd5+ Kf8 16. Nd2 Bxh2+ 17. Kh1 Qxb2 18. Bxf6 Nxf6 19. Qxh2 Nxd5 20. Qd6+ Ne7 21. Rae1 Re8 22. f6 Qxd2 23. fxe7+ Kf7 24. Qe6# 1-0

[Event "*** Titled Tuesday Blitz"]
[Site "Chess.com"]
[Date "2021.03.16"]
[Round "10"]
[White "Tekushka"]
[Black "827883"]
[Result "1-0"]
[WhiteElo "2415"]
[BlackElo "2281"]
[TimeControl "180+1"]
[EndTime "11:52:59 PDT"]
[Termination "Tekushka won by resignation"]

1. e4 e5 2. Nf3 Nc6 3. Bc4 Nf6 4. d3 Bc5 5. c3 d6 6. Bb3 a5 7. Nbd2 h6 8. Nf1 Ng4 9. d4 Bb6 10. h3 Nf6 11. Ng3 O-O 12. O-O Re8 13. Re1 Bd7 14.
Bc2 exd4 15. cxd4 Nb4 16. Bb1 Bc6 17. a3 Na6 18. Bf4 Qd7 19. Bc2 Nb8 20. Qd3 Bb5 21. Qd2 Nc6 22. Nf5 a4 23. Bxh6 Ba5 24. Qg5 1-0

[Event "*** Titled Tuesday Blitz"]
[Site "Chess.com"]
[Date "2021.03.16"]
[Round "10"]
[White "Joker_Gumble"]
[Black "chessmadara"]
[Result "0-1"]
[WhiteElo "2315"]
[BlackElo "2195"]
[TimeControl "180+1"]
[EndTime "11:52:59 PDT"]
[Termination "chessmadara won by resignation"]

1. d4 Nf6 2. c4 g6 3. Nc3 d5 4. cxd5 Nxd5 5. e4 Nxc3 6. bxc3 Bg7 7. Bc4 c5 8. Ne2 O-O 9. h4 cxd4 10. cxd4 Qa5+ 11.
Kf1 Nc6 12. h5 Bg4 13. f3 Bd7 14. hxg6 hxg6 15. Bh6 Qb4 16. Qc1 e5 17. Bxg7 Kxg7 18. Qh6+ Kf6 19. Qh4+ Kg7 20. Qh6+ Kf6 21. dxe5+ Nxe5 22. Qf4+ Kg7 23. Qxe5+ f6 24. Qe7+ Qxe7 0-1

[Event "*** Titled Tuesday Blitz"]
[Site "Chess.com"]
[Date "2021.03.16"]
[Round "10"]
[White "Aradhya2000"]
[Black "juli2512"]
[Result "1-0"]
[WhiteElo "2568"]
[BlackElo "2226"]
[TimeControl "180+1"]
[EndTime "11:53:04 PDT"]
[Termination "Aradhya2000 won by resignation"]

1. d4 f5 2. g3 g6 3. Bg2 Bg7 4. Nf3 Nf6 5. O-O O-O 6. b3 d6 7.
Nbd2 c6 8. Bb2 Nbd7 9. c4 Qc7 10. Qc2 e5 11. dxe5 dxe5 12. e4 f4 13. c5 Nh5 14.
Nc4 b5 15. Nd6 Ba6 16. Rfd1 Rad8 17. a4 b4 18. g4 Nhf6 19. g5 Nh5 20. Bh3 Kh8 21. Rd2 Qa5 22. Rad1 Qxc5 23. Nf7+ Kg8 24. Qxc5 Nxc5 25. Nxd8 Nxe4 26. Be6+ Kh8 27. Nf7+ Rxf7 28. Bxf7 Nxd2 29. Rxd2 1-0

[Event "*** Titled Tuesday Blitz"]
[Site "Chess.com"]
[Date "2021.03.16"]
[Round "10"]
[White "Matthew-Fishbein"]
[Black "Pinkito"]
[Result "1/2-1/2"]
[WhiteElo "2315"]
[BlackElo "2439"]
[TimeControl "180+1"]
[EndTime "11:53:04 PDT"]
[Termination "Game drawn by repetition"]

1. e4 d5 2. exd5 Qxd5 3. Nc3 Qd8 4. d4 Nf6 5. h3 c6 6. Be3 Bf5 7. Bc4 e6 8. Nf3 Nbd7 9. O-O h6 10. Bd3 Bxd3 11.
Qxd3 Be7 12. Ne5 Nxe5 13. dxe5 Qxd3 14. cxd3 Nd5 15. Nxd5 cxd5 16. Rfc1 Kd7 17. Rc3 b6 18. a4 Rhc8 19. Rxc8 Rxc8 20. a5 Bc5 21. axb6 axb6 22. d4 Bb4 23. Kf1 Ba5 24. Rc1 Rxc1+ 25. Bxc1 Kc6 26.
Ke2 Kb5 27. Kd3 Be1 28. f4 h5 29. g4 hxg4 30. hxg4 g6 31. b3 Kb4 32. Kc2 b5 33.
Be3 Ka3 34. Bc1+ Ka2 35. Be3 b4 36. Bc1 Bc3 37. Be3 Ka1 38. Bg1 Ka2 39. Be3 Be1 40.
Bg1 Bg3 41. Be3 Be1 1/2-1/2

[Event "*** Titled Tuesday Blitz"]
[Site "Chess.com"]
[Date "2021.03.16"]
[Round "10"]
[White "muchojogo"]
[Black "Playgood28"]
[Result "1-0"]
[WhiteElo "2404"]
[BlackElo "2270"]
[TimeControl "180+1"]
[EndTime "11:53:04 PDT"]
[Termination "muchojogo won by resignation"]

1. d4 f5 2. e4 fxe4 3. Nc3 Nf6 4. Bg5 Nc6 5. d5 Ne5 6. Qe2 Nf7 7. h4 h6 8. Bxf6 gxf6 9. Nxe4 Bg7 10. Qh5 O-O 11. Bd3 Ne5 12. O-O-O Qe8 13. Qxe8 Rxe8 14. Be2 f5 15.
Ng3 e6 16. dxe6 dxe6 17. Nf3 Ng4 18. Rhf1 e5 19. Bc4+ Kf8 20. Nh5 Bh8 21. Ng3 e4 22. Nd4 f4 23. Nh5 c6 24. Nxf4 Bf6 25. Nde6+ Bxe6 26. Nxe6+ Ke7 27. Nc7 Rad8 28. Nxe8 Rxe8 29. Rde1 Kd6 30.
f3 Ne5 31. Rxe4 Rg8 32. Bxg8 1-0

[Event "*** Titled Tuesday Blitz"]
[Site "Chess.com"]
[Date "2021.03.16"]
[Round "10"]
[White "Paladin61"]
[Black "gurelediz"]
[Result "1-0"]
[WhiteElo "2788"]
[BlackElo "2673"]
[TimeControl "180+1"]
[EndTime "11:53:06 PDT"]
[Termination "Paladin61 won by checkmate"]

1. b3 a5 2. Bb2 a4 3. e3 axb3 4. axb3 Rxa1 5. Bxa1 b6 6. Nf3 Bb7 7. c4 e6 8. Nc3 Nf6 9. Qc2 Be7 10. d4 O-O 11. Be2 d5 12. O-O c5 13. Rd1 Nc6 14.
dxc5 Nb4 15. Qb1 bxc5 16. cxd5 Nfxd5 17. Ne4 h6 18. Ne5 Qc7 19. Bf3 Ra8 20. Bb2 Ra2 21.
Bh5 f6 22. Bf7+ Kf8 23. Ng5 Qxe5 24. Qh7 Bd8 25. Qg8+ Ke7 26. Qe8+ Kd6 27. Bxe5+ fxe5 28. Qxd8+ Kc6 29. Be8# 1-0

[Event "*** Titled Tuesday Blitz"]
[Site "Chess.com"]
[Date "2021.03.16"]
[Round "10"]
[White "AlhosaniOmran1"]
[Black "RobertoJBM"]
[Result "0-1"]
[WhiteElo "2513"]
[BlackElo "2759"]
[TimeControl "180+1"]
[EndTime "11:53:07 PDT"]
[Termination "RobertoJBM won by resignation"]

1. d4 d5 2. c4 c6 3. Nc3 dxc4 4. a4 e5 5. e3 exd4 6. exd4 Be6 7. Nf3 Nf6 8. Ne5 Bb4 9. Bxc4 Bxc4 10. Nxc4 O-O 11. O-O Nbd7 12. Bg5 h6 13. Bh4 Be7 14. Re1 Re8 15. Ne5 Nxe5 16. dxe5 Nd7 17.
Bg3 Nc5 18. Qg4 Qd7 19. Qxd7 Nxd7 20. Rad1 Nc5 21. f4 Rad8 22. Bf2 Nd3 23. Rf1 Nxb2 24. Rb1 Ba3 25. Bxa7 Ra8 26. Bd4 Red8 27. Ne2 Nxa4 28. Rxb7 Rxd4 29. Nxd4 Bc5 30. Rd1 Nc3 31. Rd3 Bxd4+ 32.
Kf1 Ra1+ 0-1

[Event "*** Titled Tuesday Blitz"]
[Site "Chess.com"]
[Date "2021.03.16"]
[Round "10"]
[White "LubovMarkelova"]
[Black "ridnani2021"]
[Result "1-0"]
[WhiteElo "2250"]
[BlackElo "2337"]
[TimeControl "180+1"]
[EndTime "11:53:07 PDT"]
[Termination "LubovMarkelova won by resignation"]

1. Nf3 Nf6 2. c4 g6 3. Nc3 Bg7 4. e4 d6 5. d4 O-O 6. Be2 e5 7. d5 Nbd7 8. O-O Nc5 9. Qc2 a5 10. Bg5 h6 11. Be3 Nfd7 12. Nd2 f5 13. f3 f4 14. Bf2 b6 15. b3 g5 16. a3 Nf6 17.
b4 Na6 18. c5 axb4 19. axb4 Nxb4 20. Qb3 Rxa1 21. Rxa1 bxc5 22. Ra8 Qe8 23. Nc4 g4 24. Nb5 Qg6 25. Nxc7 g3 26. hxg3 fxg3 27. Be3 Qh5 28. Kf1 Qh1+ 29. Bg1 Nh5 30. Ne6 Bxe6 31. Rxf8+ Bxf8 32. dxe6 Nf4 33. Ne3 Be7 34. Qa4 Qh5 35. Nf5 Qe8 36. Qxe8+ 1-0

[Event "*** Titled Tuesday Blitz"]
[Site "Chess.com"]
[Date "2021.03.16"]
[Round "10"]
[White "Fandorine"]
[Black "SanchezKelvin"]
[Result "1-0"]
[WhiteElo "2880"]
[BlackElo "2645"]
[TimeControl "180+1"]
[EndTime "11:53:11 PDT"]
[Termination "Fandorine won by resignation"]

1. c4 Nf6 2. Nc3 g6 3. g3 Bg7 4.
Bg2 O-O 5. Nf3 c5 6. O-O Nc6 7. d4 d6 8. d5 Na5 9. b3 Nxd5 10.
Nxd5 Bxa1 11. Bg5 Bf6 12. Nxf6+ exf6 13. Bf4 b6 14. Nd2 Bb7 15. Bxb7 Nxb7 16. Ne4 Re8 17.
Qd5 Rb8 18. Rd1 Re6 19. Nc3 g5 20. Bc1 Re5 21. Qd3 Na5 22. Nd5 Nc6 23. Bb2 Re6 24. a3 Ne5 25. Qf5 b5 26. f4 gxf4 27. gxf4 Nd7 28.
Kh1 bxc4 29. Rg1+ Kh8 30. Nxf6 Nxf6 31. Qg5 1-0

[Event "*** Titled Tuesday Blitz"]
[Site "Chess.com"]
[Date "2021.03.16"]
[Round "10"]
[White "novocane"]
[Black "WiktoriaPOL"]
[Result "1-0"]
[WhiteElo "2239"]
[BlackElo "2101"]
[TimeControl "180+1"]
[EndTime "11:53:11 PDT"]
[Termination "novocane won by resignation"]

1. d4 Nf6 2. c4 g6 3. Nc3 Bg7 4.
e4 d6 5. f3 O-O 6. Bg5 c5 7. d5 e6 8. Qd2 exd5 9. cxd5 Re8 10.
Nge2 a6 11. a4 Nbd7 12. Ng3 Qa5 13. Ra3 Ne5 14. Be2 Qc7 15. O-O Rb8 16. h3 c4 17.
Bh6 Qb6+ 18. Be3 Qa5 19. Raa1 Qb4 20. a5 Ned7 21. Ra4 Qb3 22. Bd1 1-0

[Event "*** Titled Tuesday Blitz"]
[Site "Chess.com"]
[Date "2021.03.16"]
[Round "10"]
[White "GameOverBro"]
[Black "ARTHURMOTIVATOR"]
[Result "1-0"]
[WhiteElo "2529"]
[BlackElo "2388"]
[TimeControl "180+1"]
[EndTime "11:53:13 PDT"]
[Termination "GameOverBro won by resignation"]

1. e4 e5 2. Nf3 Nc6 3. Bb5 a6 4. Ba4 d6 5. d4 Bd7 6. O-O Nf6 7. Re1 Be7 8. c3 O-O 9. Nbd2 h6 10. h3 b5 11. Bb3 Re8 12. Nf1 Bf8 13. Ng3 Na5 14. Bc2 c5 15. a3 Qc7 16. b3 Rac8 17. dxe5 dxe5 18. Nh4 g6 19. Qf3 Re6 20. Be3 Bc6 21. Rad1 Nb7 22. b4 c4 23. a4 Nd6 24.
a5 Qb7 25. Bc5 Nde8 26. Bxf8 Kxf8 27. Qe3 Ng8 28. Rd2 Qe7 29. Nf3 Rd8 30. Red1 Rxd2 31. Rxd2 Rd6 32. Kf1 Rxd2 33. Qxd2 Ngf6 34. Qxh6+ Kg8 35.
Qg5 Kg7 36. Nf5+ 1-0

[Event "*** Titled Tuesday Blitz"]
[Site "Chess.com"]
[Date "2021.03.16"]
[Round "10"]
[White "Szparu"]
[Black "mbachez"]
[Result "0-1"]
[WhiteElo "2609"]
[BlackElo "2495"]
[TimeControl "180+1"]
[EndTime "11:53:17 PDT"]
[Termination "mbachez won by checkmate"]

1. e4 e6 2. d4 d5 3. Nd2 h6 4. Ngf3 Nf6 5. Bd3 c5 6. exd5 Qxd5 7. O-O cxd4 8. Nb3 Nc6 9. Nbxd4 Nxd4 10. Nxd4 Bc5 11.
Nb5 Bb6 12. Be3 Qd8 13. Nd6+ Qxd6 14. Bb5+ Ke7 15. Qe2 Bxe3 16. Qxe3 Rd8 17. Be2 Qb6 18. Qa3+ Qd6 19. Qe3 Nd5 20. Qd4 Nf4 21. Qe3 Nxe2+ 22.
Qxe2 Kf8 23. Qe4 Kg8 24. h4 Bd7 25. Rfd1 Bc6 26. Qg4 Qe5 27. Re1 Qxb2 28. Rab1 Qxc2 29. Rb3 Qf5 30. Qb4 Rd5 31. Rg3 Rad8 32. Qe7 Rd1 33. Kh2 Rxe1 34. Qxd8+ Kh7 35. Qd4 Qe5 36. Qg4 g6 37. f4 Qd4 38. Rb3 Qg1+ 39. Kh3 Qh1+ 40. Kg3 Qxg2# 0-1

[Event "*** Titled Tuesday Blitz"]
[Site "Chess.com"]
[Date "2021.03.16"]
[Round "10"]
[White "blitzking1729"]
[Black "Evgeny81"]
[Result "0-1"]
[WhiteElo "2628"]
[BlackElo "2776"]
[TimeControl "180+1"]
[EndTime "11:53:20 PDT"]
[Termination "Evgeny81 won by resignation"]

1. d4 Nf6 2. Bg5 Ne4 3. Bf4 c5 4. f3 Qa5+ 5. c3 Nf6 6. d5 e6 7. e4 exd5 8. exd5 d6 9. Na3 Be7 10. Bb5+ Bd7 11. Bxd7+ Nbxd7 12. Nc4 Qa6 13. Ne3 Nh5 14. Ne2 Nxf4 15. Nxf4 Bg5 16. g3 Bxf4 17. gxf4 O-O 18. Kf2 Rae8 19. Qd2 Nf6 20. b3 Re4 21. Nf5 Rfe8 22. c4 Re2+ 23. Qxe2 Rxe2+ 24. Kxe2 Nxd5 25. Kf2 Nxf4 26. Rhd1 d5 27. Ne7+ Kf8 28.
Nxd5 Ne6 29. Nc3 Nd4 30. Ne2 Qh6 31. Nxd4 Qxh2+ 32. Ke3 Qe5+ 33. Kf2 cxd4 34. Kg2 h5 35. Rd2 Qg5+ 0-1

[Event "*** Titled Tuesday Blitz"]
[Site "Chess.com"]
[Date "2021.03.16"]
[Round "10"]
[White "Taran2004"]
[Black "MaevskiyNikolay"]
[Result "0-1"]
[WhiteElo "2444"]
[BlackElo "2560"]
[TimeControl "180+1"]
[EndTime "11:53:22 PDT"]
[Termination "MaevskiyNikolay won by resignation"]

1. e4 c6 2. d4 d5 3. e5 Bf5 4. Nf3 e6 5. Be2 Nd7 6. O-O Bg6 7. Nbd2 Nh6 8. Nb3 Nf5 9. c3 Rc8 10. a4 a6 11. a5 c5 12. Bg5 Be7 13. Bxe7 Qxe7 14. Ne1 cxd4 15. cxd4 O-O 16. Nd3 Nb8 17. Ndc5 Nc6 18. Qd2 Nfxd4 19. Nxd4 Qxc5 20. Nxc6 Qxc6 21. Rfc1 Qd7 22. Qb4 Rxc1+ 23. Rxc1 Rc8 24. Rc5 h6 25. h3 Rxc5 26. Qxc5 d4 27. Qd6 Qxd6 28. exd6 Kf8 29. b4 Be4 30. b5 axb5 31. Bxb5 e5 32. f3 Bd5 33. Kf2 g5 34. Ke2 f6 35. Kd3 Kf7 36.
Bd7 Be6 37. Bb5 Bf5+ 38. Kd2 Ke6 39. Bc6 Kxd6 40. Bxb7 Kc7 41. Bd5 Bc8 42. Kd3 f5 43. g3 Ba6+ 44. Kd2 Kd6 45. Bf7 e4 46. fxe4 fxe4 47.
h4 gxh4 48. gxh4 Ke5 49. Bh5 Kf4 50. Bd1 e3+ 51. Ke1 d3 52. Bb3 Kg3 0-1

[Event "*** Titled Tuesday Blitz"]
[Site "Chess.com"]
[Date "2021.03.16"]
[Round "10"]
[White "JiiHart"]
[Black "Nemsko"]
[Result "0-1"]
[WhiteElo "2082"]
[BlackElo "2308"]
[TimeControl "180+1"]
[EndTime "11:53:23 PDT"]
[Termination "Nemsko won on time"]

1. e4 c5 2. Nf3 d6 3. d4 cxd4 4. Nxd4 Nf6 5. Nc3 Nc6 6. Bg5 e6 7. Qd2 a6 8. f4 Bd7 9. O-O-O b5 10.
Nxc6 Bxc6 11. e5 dxe5 12. Qxd8+ Rxd8 13. Rxd8+ Kxd8 14. fxe5 h6 15. Bh4 g5 16. exf6 gxh4 17. Be2 Rg8 18. Bf3 Kc7 19. Ne4 Bb4 20. c3 Ba5 21.
Re1 Bb6 22. Re2 a5 23. Kc2 b4 24. b3 bxc3 25. Nxc3 Bxf3 26. gxf3 h3 27. Kd3 Rg2 28. Ne4 Bg1 29. a3 Bxh2 30. b4 axb4 31. axb4 Bf4 32. Nf2 h2 33. Nh1 Rg1 34. Rc2+ Kb6 35. Nf2 Bg3 36. Nh1 Rxh1 0-1

[Event "*** Titled Tuesday Blitz"]
[Site "Chess.com"]
[Date "2021.03.16"]
[Round "10"]
[White "Gabix_94"]
[Black "MITerryble"]
[Result "0-1"]
[WhiteElo "2813"]
[BlackElo "2917"]
[TimeControl "180+1"]
[EndTime "11:53:26 PDT"]
[Termination "MITerryble won by checkmate"]

1. e4 e6 2. d4 d5 3. Nc3 Nf6 4. Bg5 Bb4 5. e5 h6 6. Bc1 Ne4 7. Qg4 g6 8. Ne2 c5 9. a3 Bxc3+ 10.
Nxc3 Nxc3 11. bxc3 b6 12. Bb5+ Kf8 13. O-O Ba6 14. a4 Kg7 15. dxc5 bxc5 16. c4 Bxb5 17. axb5 d4 18. c3 dxc3 19. Rd1 Qc7 20. Rd6 Nd7 21. Bf4 Nb6 22. Qh4 g5 23. Bxg5 hxg5 24. Qxg5+ Kf8 25.
Rad1 Re8 26. Qf6 Rh7 27. h4 Nxc4 28. Rd8 c2 29. Rxe8+ Kxe8 30. Rc1 Qxe5 31. Qf3 Qb2 32. Qa8+ Ke7 33. Qxa7+ Kf6 34. Qxc5 Qxc1+ 35. Kh2 Rxh4+ 36. Kg3 Qg5+ 37. Qxg5+ Kxg5 38. f4+ Rxf4 39. b6 c1=Q 40.
b7 Qe1+ 41. Kh3 Rh4# 0-1

[Event "*** Titled Tuesday Blitz"]
[Site "Chess.com"]
[Date "2021.03.16"]
[Round "10"]
[White "hypert"]
[Black "DrMamaliga"]
[Result "1-0"]
[WhiteElo "2564"]
[BlackElo "2388"]
[TimeControl "180+1"]
[EndTime "11:53:27 PDT"]
[Termination "hypert won by resignation"]

1. e3 g6 2. h4 Bg7 3. h5 c5 4. c4 Nc6 5. Nc3 d6 6. b3 e6 7. Bb2 Nge7 8. Nge2 b6 9. Ng3 Bb7 10. h6 Bf6 11. Nge4 Ng8 12. Nxf6+ Nxf6 13. g4 Nd4 14. Rh3 Nc6 15. g5 Nd7 16. Ne4 O-O 17. Nxd6 Rb8 18. Nxb7 Rxb7 19. f4 e5 20. Bg2 Qc8 21.
Qf3 Rc7 22. O-O-O exf4 23. exf4 Nb4 24. a3 Nc6 25. Qd3 Rd8 26. Bxc6 Rxc6 27. Qc3 f6 28. f5 Nf8 29. fxg6 Nxg6 30. gxf6 Kf7 31. Re1 Rcd6 32.
Rhe3 R8d7 33. Re7+ Rxe7 34. fxe7 Rd4 1-0

[Event "*** Titled Tuesday Blitz"]
[Site "Chess.com"]
[Date "2021.03.16"]
[Round "10"]
[White "campomania3"]
[Black "Pantata007"]
[Result "0-1"]
[WhiteElo "2184"]
[BlackElo "2338"]
[TimeControl "180+1"]
[EndTime "11:53:27 PDT"]
[Termination "Pantata007 won on time"]

1. d4 d5 2. c4 c6 3. cxd5 cxd5 4. Nf3 Nc6 5. Nc3 Nf6 6. Bf4 Bf5 7. e3 e6 8. Bb5 Nd7 9. Qa4 Rc8 10. O-O Be7 11.
Bxc6 Rxc6 12. Qxa7 Rb6 13. b3 Qc8 14. Rfc1 Ra6 15.
Qxa6 bxa6 16. Nxd5 Qb7 17. Nxe7 Kxe7 18. Rc7 Qb6 19.
Rac1 Rd8 20. R1c6 Qa5 21. h3 f6 22. Bd6+ Kf7 0-1

[Event "*** Titled Tuesday Blitz"]
[Site "Chess.com"]
[Date "2021.03.16"]
[Round "10"]
[White "Grieve72"]
[Black "kunaevchess"]
[Result "1-0"]
[WhiteElo "2496"]
[BlackElo "2367"]
[TimeControl "180+1"]
[EndTime "11:53:32 PDT"]
[Termination "Grieve72 won by resignation"]

1. d4 Nf6 2. Bg5 e6 3. Nd2 h6 4.
Bh4 c5 5. e3 d5 6. c3 Qb6 7.
Rb1 Nbd7 8. Ngf3 Bd6 9. Bd3 O-O 10. O-O Qc7 11. Qe2 a6 12. e4 dxe4 13. Nxe4 Nh5 14. Nxd6 Qxd6 15. Qe3 cxd4 16. Nxd4 Qf4 17. Qxf4 Nxf4 18.
Be4 Nc5 19. Bf3 e5 20. Be7 exd4 21. Bxc5 Re8 22. Bxd4 Bf5 23. Rbe1 Bd3 24. Rxe8+ Rxe8 25. Rd1 Be2 26. Bxe2 Rxe2 27. Be3 Ne6 28. Rb1 f5 29. Kf1 Rc2 30. Ke1 f4 31. Kd1 1-0

[Event "*** Titled Tuesday Blitz"]
[Site "Chess.com"]
[Date "2021.03.16"]
[Round "10"]
[White "Sharpchess22"]
[Black "zajka-molotok"]
[Result "0-1"]
[WhiteElo "2720"]
[BlackElo "2556"]
[TimeControl "180+1"]
[EndTime "11:53:38 PDT"]
[Termination "zajka-molotok won by checkmate"]

1. c4 e5 2. Nc3 Bb4 3. Nf3 Nc6 4.
Qc2 d6 5. Nd5 Bc5 6. e3 Nge7 7. Nc3 O-O 8. a3 a5 9. Be2 f5 10. d3 Ng6 11. O-O Be6 12. Rd1 Bb6 13. Rb1 f4 14. Na4 Ba7 15. b4 axb4 16. axb4 fxe3 17.
fxe3 Nf4 18. Bf1 Bg4 19. Kh1 Nh3 20. Re1 Bxf3 21. gxf3 Rxf3 22. Bg2 Rf2 23. Qb3 Qh4 24. c5+ Kh8 25. Bb2 Raf8 26. Qd5 Nxb4 27. Qxb7 Nxd3 28. Red1 Rxg2 29. Kxg2 Qg4+ 30. Kh1 Ndf2# 0-1

[Event "*** Titled Tuesday Blitz"]
[Site "Chess.com"]
[Date "2021.03.16"]
[Round "10"]
[White "Gloomy_Wanderer"]
[Black "FairChess_on_YouTube"]
[Result "0-1"]
[WhiteElo "2687"]
[BlackElo "2961"]
[TimeControl "180+1"]
[EndTime "11:53:39 PDT"]
[Termination "FairChess_on_YouTube won by resignation"]

1. d4 Nf6 2. Nf3 c5 3. d5 b5 4.
Bg5 Qb6 5. a4 b4 6. a5 Qd6 7. c4 Ne4 8. Bc1 g6 9. Qc2 f5 10. h3 Bg7 11. g4 Na6 12. gxf5 gxf5 13. Nbd2 b3 14. Nxb3 Nb4 15. Qd1 Ba6 16. e3 Rg8 17. Ra4 Rb8 18. Rg1 Qf6 19. h4 d6 20.
Ng5 Kd7 21. Nxe4 fxe4 22. Qg4+ Kc7 23. Qxe4 Bc8 24. Bd3 Nxd3+ 25. Qxd3 Bf5 26. e4 Qxh4 27. Nd2 Bg4 28. b4 Bd4 29. Qg3 Qf6 30. Nb3 Bd7 31. Qh2 Bc3+ 32. Bd2 Bxa4 0-1

[Event "*** Titled Tuesday Blitz"]
[Site "Chess.com"]
[Date "2021.03.16"]
[Round "10"]
[White "Sergey85Rodchenkov"]
[Black "zmeeed67"]
[Result "0-1"]
[WhiteElo "2526"]
[BlackElo "2449"]
[TimeControl "180+1"]
[EndTime "11:53:41 PDT"]
[Termination "zmeeed67 won by checkmate"]

1. e4 c5 2. Nf3 Nf6 3. Nc3 d5 4.
exd5 Nxd5 5. d4 Nxc3 6. bxc3 e6 7. Rb1 Nc6 8. Bd3 Be7 9. O-O O-O 10. Qe2 cxd4 11.
cxd4 Nxd4 12. Nxd4 Qxd4 13. Rd1 Qh4 14. Rb5 e5 15. Rxe5 Bg4 16. f3 Be6 17. g3 Qh3 18. f4 Bg4 19. Qe4 Bxd1 20. Rxe7 Rad8 21. Bb2 Bxc2 22. Bxc2 Rd2 23. Bc3 Qxh2+ 24. Kf1 Qf2# 0-1